 Dungeon Crawl Stone Soup version 0.29.0-4-gdea44cf6ec (webtiles) character file.

Game seed: 14758010434166019483

3544 qw the Grappler (level 9, -15/88 HPs)
             Began as a Troll Cinder Acolyte on Aug 31, 2022.
             Was a Priest of Ignis.
             Demolished by a titanic slime creature (37 damage)
             ... on level 8 of the Dungeon.
             The game lasted 00:03:12 (6405 turns).

qw the Grappler (Troll Cinder Acolyte)              Turns: 6405, Time: 00:03:13

Health: -15/88     AC: 11    Str: 34    XL:     9   Next: 83%
Magic:  9/9        EV:  9    Int: 10    God:    Ignis [***...]
Gold:   67         SH:  0    Dex:  5    Spells: 10/10 levels left

rFire   + . .      SeeInvis .     - Unarmed
rCold   + . .      Faith    .   (no shield)
rNeg    . . .      Spirit   .   a - +0 robe
rPois   .          Reflect  .   (helmet restricted)
rElec   .          Harm     .   (no cloak)
rCorr   .          Rampage  .   (gloves unavailable)
Will    .....                   (boots unavailable)
Stlth   +.........              (no amulet)
HPRegen 1.04/turn               j - +6 ring of strength
MPRegen 0.11/turn               q - ring of protection from cold

@: about to teleport, fiery-armoured
A: large, unfitting armour, claws 3, regeneration 1, shaggy fur 1, tough skin 1
a: Renounce Religion, Fiery Armour, Foxfire Swarm, Rising Flame


You were on level 8 of the Dungeon.
You worshipped Ignis.
Ignis was most pleased with you.
You visited 1 branch of the dungeon, and saw 8 of its levels.

You collected 1099 gold pieces.
You spent 1032 gold pieces at shops.


Innate Abilities, Weirdness & Mutations

You are too large for most types of armour.
You have claws for hands.
Your natural rate of healing is unusually fast.
You are covered in fur. (AC +1)
You have tough skin. (AC +1)


   Skills:
 - Level 5.0 Fighting
 + Level 4.2 Throwing
 - Level 2.6 Dodging
 - Level 12.0 Unarmed Combat
 - Level 1.0 Spellcasting
 - Level 2.1 Fire Magic


You had 10 spell levels left.
You didn't know any spells.
Your spell library contained the following spells:

 Spells                   Type           Power      Damage    Failure   Level
 Scorch                   Fire           8%         2d5       22%         2

Inventory:

Missiles
 i - a large rock (quivered)
 n - 4 boomerangs
 r - 4 javelins
Armour
 a - a +0 robe (worn)
Jewellery
 g - a +6 ring of dexterity
 j - a +6 ring of strength (left claw)
 o - an amulet of guardian spirit
 q - a ring of protection from cold (right claw)
 s - a ring of poison resistance
Scrolls
 l - 2 scrolls of identify
 t - a scroll of enchant armour {unknown}
Potions
 b - 5 potions of curing
 c - a potion of might
 d - 3 potions of cancellation
 e - a potion of mutation
 h - a potion of invisibility {unknown}
 m - a potion of flight {unknown}
 p - a potion of resistance {unknown}

Dungeon Overview and Level Annotations

Branches:
Dungeon (8/15)             Temple (0/1) D:4
   Lair: D:8-11

Altars:
Cheibriados
Elyvilon
Hepliaklqana
Trog
Yredelemnul
Zin

Shops:
D:8 =

Annotations:
D:7 2 transporters, qw's ghost, novice TeWr


Message History

You mangle the slime creature!!
The slime creature is heavily wounded.
The slime creature hits you.
You claw the slime creature! You claw the slime creature.
The slime creature is severely wounded.
The slime creature hits you.
You barely miss the slime creature. Your claw misses the slime creature.
The slime creature is severely wounded.
You mangle the slime creature!!
You kill the slime creature!
Your Fighting skill increases to level 5!
A slime creature comes into view.
You scratch the slime creature but do no damage.
You claw the slime creature.
The slime creature is lightly wounded.
The slime creature hits you but does no damage.
Two slime creatures merge to form a large slime creature.
You claw the slime creature!
The slime creature is moderately wounded.
6399 ||| Stepping ~*~*~tactically~*~*~ (outnumbered).
6400 ||| Stepping ~*~*~tactically~*~*~ (outnumbered).
Two slime creatures merge to form a large slime creature.
You scratch the large slime creature.
The large slime creature is lightly wounded.
You mangle the large slime creature!!
The large slime creature is moderately wounded.
Two slime creatures merge to form an enormous slime creature.
Two slime creatures merge to form a titanic slime creature.
6403 ||| READING scroll of teleportation.
As you read the scroll of teleportation, it crumbles to dust.
You feel strangely unstable. The titanic slime creature hits you!!!!
Ouch! That really hurt!
6404 ||| DRINKING potion of heal wounds.
You feel much better.
The titanic slime creature closely misses you.
6405 ||| INVOKING Fiery Armour.
A protective cloak of flame settles atop you.
The titanic slime creature hits you!!!
You die...

####.......##...# (J #.#
...#..............[ #.#
##..........#.#.#. ##.#
...........##.#.( #..#
..#.......)#....# ########.##
.?..............## ##).><..#.#
..##.........##..# ##.......).#
.######..##..###J# #..)...))..#
## ##...?..##@# #......<...#
########....#..#.# #..........#
.............#.#.####..........#
########.....#.................#
.######......###.###..........##
.......:.......#..............##
....##...........####..........#
.........#.#.#....# #..........#
...##[.###.#.##...# #........>.#


You could see a titanic slime creature.

Vanquished Creatures
  A cyclops (D:7)
  A hornet (D:8)
  Grinder (D:5)
  A slime creature (D:8)
  Menkaure (D:5)
  5 black bears
  An orc warrior (D:7)
  2 ogres (D:5)
  4 ice beasts
  A centaur (D:7)
  2 phantoms (D:6)
  A kobold brigand (D:8)
  A bullfrog (D:7)
  A necrophage (D:6)
  2 scorpions
  3 howler monkeys (D:7)
  A hound (D:5)
  4 jellies
  4 orc priests
  A gnoll bouda (D:7)
  An iguana (D:6)
  7 orc wizards
  8 gnolls
  8 adders
  A shadow imp (D:7)
  3 white imps
  2 ufetubi (D:5)
  16 orcs
  9 endoplasms
  3 giant cockroaches
  5 goblins
  5 hobgoblins
  12 jackals
  9 kobolds
  7 quokkas
  3 ball pythons (D:1)
  4 bats
  5 frilled lizards
  5 rats
151 creatures vanquished.

Vanquished Creatures (others)
  3 fungi (D:5)
3 creatures vanquished.

Grand Total: 154 creatures vanquished

Notes
Turn   | Place    | Note
-------+----------+-------------------------------------------
     0 | D:1      | qw the Troll Cinder Acolyte began the quest for the Orb.
     0 | D:1      | Reached XP level 1. HP: 22/22 MP: 1/1
     0 | D:1      | 0 ||| qw: Version: 0.1-a-97-g2dd2ca4
     0 | D:1      | 0 ||| qw: Game counter: 4506
     0 | D:1      | 0 ||| qw: Always use a shield: true
     0 | D:1      | 0 ||| qw: God list: Okawaru
     0 | D:1      | 0 ||| qw: Allow faded altars: false
     0 | D:1      | 0 ||| qw: Do Orc after D:15 true
     0 | D:1      | 0 ||| qw: Do second Lair branch before Depths: true
     0 | D:1      | 0 ||| qw: Lair rune preference: random
     0 | D:1      | 0 ||| qw: Plans: Normal
     0 | D:1      | 0 ||| PLANNING D:1-11
   200 | D:1      | Found a faded altar of an unknown god.
   211 | D:1      | 211 ||| Stepping ~*~*~tactically~*~*~ (stealth).
   213 | D:1      | 213 ||| Stepping ~*~*~tactically~*~*~ (stealth).
   227 | D:1      | 227 ||| Stepping ~*~*~tactically~*~*~ (stealth).
   256 | D:1      | Reached XP level 2. HP: 29/29 MP: 2/2
   263 | D:1      | 263 ||| Stepping ~*~*~tactically~*~*~ (outnumbered).
   264 | D:1      | 264 ||| Stepping ~*~*~tactically~*~*~ (outnumbered).
   265 | D:1      | 265 ||| Stepping ~*~*~tactically~*~*~ (outnumbered).
   266 | D:1      | 266 ||| Stepping ~*~*~tactically~*~*~ (outnumbered).
   537 | D:1      | Reached skill level 4 in Unarmed Combat
   893 | D:1      | 893 ||| READING scroll labelled BAMEG VANN.
   894 | D:1      | 894 ||| READING scroll labelled YFATUTT YMUET.
   895 | D:1      | 895 ||| READING scroll labelled TAEFETT INTE.
   898 | D:1      | 898 ||| READING scroll labelled DOS JUDILL.
   899 | D:1      | 899 ||| DRINKING 4 bubbling ruby potions.
   937 | D:2      | Reached XP level 3. HP: 36/36 MP: 3/3
  1301 | D:2      | 1301 ||| FLEEEEING.
  1488 | D:2      | 1488 ||| READING scroll labelled VUOXOLO ORPHEO.
  1489 | D:2      | 1489 ||| READING scroll of teleportation.
  1501 | D:3      | 1501 ||| STAIRDANCE
  1525 | D:3      | Reached skill level 5 in Unarmed Combat
  1525 | D:3      | Reached XP level 4. HP: 38/44 MP: 4/4
  1571 | D:3      | 1571 ||| Stepping ~*~*~tactically~*~*~ (stealth).
  1579 | D:3      | 1579 ||| Stepping ~*~*~tactically~*~*~ (outnumbered).
  1606 | D:3      | 1606 ||| Stepping ~*~*~tactically~*~*~ (stealth).
  1672 | D:3      | 1672 ||| Stepping ~*~*~tactically~*~*~ (stealth).
  1686 | D:3      | 1686 ||| Stepping ~*~*~tactically~*~*~ (stealth).
  1688 | D:3      | 1688 ||| Stepping ~*~*~tactically~*~*~ (stealth).
  1702 | D:3      | 1702 ||| Stepping ~*~*~tactically~*~*~ (stealth).
  1748 | D:3      | 1748 ||| Stepping ~*~*~tactically~*~*~ (stealth).
  1752 | D:3      | 1752 ||| Stepping ~*~*~tactically~*~*~ (stealth).
  1759 | D:3      | 1759 ||| Stepping ~*~*~tactically~*~*~ (outnumbered).
  1760 | D:3      | 1760 ||| Stepping ~*~*~tactically~*~*~ (outnumbered).
  1762 | D:3      | 1762 ||| Stepping ~*~*~tactically~*~*~ (outnumbered).
  1763 | D:3      | 1763 ||| Stepping ~*~*~tactically~*~*~ (outnumbered).
  1891 | D:3      | Reached XP level 5. HP: 48/50 MP: 5/5
  2245 | D:3      | Found a bloodstained altar of Trog.
  2253 | D:3      | Found a snail-covered altar of Cheibriados.
  2253 | D:3      | Found a glowing silver altar of Zin.
  2254 | D:3      | Found a white marble altar of Elyvilon.
  2258 | D:3      | Found a hazy altar of Hepliaklqana.
  2286 | D:3      | 2286 ||| UPGRADING to +6 ring of strength.
  2287 | D:3      | 2287 ||| DRINKING 3 fuming green potions.
  2288 | D:3      | 2288 ||| DRINKING 2 lumpy clear potions.
  2413 | D:4      | Reached skill level 6 in Unarmed Combat
  2435 | D:4      | Noticed a black bear
  2442 | D:4      | Killed a black bear
  2443 | D:4      | Reached skill level 7 in Unarmed Combat
  2443 | D:4      | Reached XP level 6. HP: 52/59 MP: 6/6
  2542 | D:4      | Found a staircase to the Ecumenical Temple.
  2881 | D:5      | Entered Level 5 of the Dungeon
  2883 | D:5      | 2883 ||| Stepping ~*~*~tactically~*~*~ (hiding).
  2887 | D:5      | 2887 ||| STAIRDANCE
  2992 | D:5      | 2992 ||| STAIRDANCE
  3001 | D:5      | 3001 ||| INVOKING Fiery Armour.
  3001 | D:5      | Noticed an ice beast
  3002 | D:5      | 3002 ||| Stepping ~*~*~tactically~*~*~ (stealth).
  3003 | D:5      | 3003 ||| Stepping ~*~*~tactically~*~*~ (stealth).
  3007 | D:5      | 3007 ||| Stepping ~*~*~tactically~*~*~ (outnumbered).
  3008 | D:5      | 3008 ||| STAIRDANCE
  3017 | D:5      | 3017 ||| Stepping ~*~*~tactically~*~*~ (outnumbered).
  3020 | D:5      | Killed an ice beast
  3021 | D:5      | Reached skill level 8 in Unarmed Combat
  3024 | D:5      | Reached skill level 3 in Fighting
  3024 | D:5      | Reached XP level 7. HP: 64/67 MP: 7/7
  3064 | D:5      | Found a basalt altar of Yredelemnul.
  3111 | D:5      | 3111 ||| Stepping ~*~*~tactically~*~*~ (stealth).
  3115 | D:5      | 3115 ||| Stepping ~*~*~tactically~*~*~ (stealth).
  3118 | D:5      | 3118 ||| Stepping ~*~*~tactically~*~*~ (stealth).
  3119 | D:5      | 3119 ||| Stepping ~*~*~tactically~*~*~ (stealth).
  3380 | D:5      | Noticed Menkaure
  3385 | D:5      | Killed Menkaure
  3386 | D:5      | Reached skill level 9 in Unarmed Combat
  3431 | D:5      | Reached skill level 1 in Throwing
  3442 | D:5      | 3442 ||| Stepping ~*~*~tactically~*~*~ (stealth).
  3446 | D:5      | 3446 ||| Stepping ~*~*~tactically~*~*~ (stealth).
  3456 | D:5      | 3456 ||| INVOKING Fiery Armour.
  3513 | D:5      | Noticed Grinder
  3515 | D:5      | 3515 ||| Stepping ~*~*~tactically~*~*~ (stealth).
  3518 | D:5      | Killed Grinder
  3519 | D:5      | Reached XP level 8. HP: 75/75 MP: 8/8
  3642 | D:5      | 3642 ||| UPGRADING to ring of protection from cold.
  3643 | D:5      | 3643 ||| DRINKING 2 yellow potions.
  3644 | D:5      | 3644 ||| DROPPING potion of brilliance.
  3670 | D:6      | 3670 ||| INVOKING Fiery Armour.
  3675 | D:6      | 3675 ||| DRINKING 4 potions of curing.
  3675 | D:6      | 3675 ||| (to cure confusion)
  3756 | D:6      | Reached skill level 10 in Unarmed Combat
  3757 | D:6      | 3757 ||| Stepping ~*~*~tactically~*~*~ (outnumbered).
  3758 | D:6      | 3758 ||| Stepping ~*~*~tactically~*~*~ (outnumbered).
  3759 | D:6      | 3759 ||| Stepping ~*~*~tactically~*~*~ (outnumbered).
  3760 | D:6      | 3760 ||| Stepping ~*~*~tactically~*~*~ (outnumbered).
  3761 | D:6      | 3761 ||| Stepping ~*~*~tactically~*~*~ (outnumbered).
  3762 | D:6      | 3762 ||| Stepping ~*~*~tactically~*~*~ (outnumbered).
  3912 | D:6      | 3912 ||| Stepping ~*~*~tactically~*~*~ (hiding).
  3913 | D:6      | 3913 ||| Stepping ~*~*~tactically~*~*~ (hiding).
  4485 | D:6      | 4485 ||| READING scroll labelled ICHU DAKHLELE.
  4485 | D:6      | Identified a scroll of acquirement
  4485 | D:6      | 4485 ||| ACQUIRING 666 gold pieces
  4485 | D:6      | Acquired 666 gold pieces
  4487 | D:6      | 4487 ||| DRINKING 2 fuming ruby potions.
  4488 | D:6      | 4488 ||| DRINKING 3 viscous coppery potions.
  4519 | D:6      | 4519 ||| READING 3 scrolls of identify.
  4519 | D:6      | 4519 ||| IDENTIFYING cyan potion
  4520 | D:6      | 4520 ||| READING 2 scrolls of identify.
  4520 | D:6      | 4520 ||| IDENTIFYING glowing amethyst potion
  4521 | D:6      | 4521 ||| DROPPING potion of magic.
  4522 | D:6      | 4522 ||| DROPPING 2 potions of lignification.
  4606 | D:7      | 4606 ||| Stepping ~*~*~tactically~*~*~ (hiding).
  4609 | D:7      | 4609 ||| Stepping ~*~*~tactically~*~*~ (hiding).
  4643 | D:7      | 4643 ||| Stepping ~*~*~tactically~*~*~ (hiding).
  4652 | D:7      | Reached XP level 9. HP: 58/84 MP: 9/9
  4654 | D:7      | 4654 ||| INVOKING Fiery Armour.
  4697 | D:7      | 4697 ||| Stepping ~*~*~tactically~*~*~ (stealth).
  4703 | D:7      | Found a flagged portal.
  5290 | D:7      | Noticed a cyclops
  5291 | D:7      | 5291 ||| Stepping ~*~*~tactically~*~*~ (stealth).
  5293 | D:7      | 5293 ||| Stepping ~*~*~tactically~*~*~ (stealth).
  5318 | D:7      | 5318 ||| INVOKING Fiery Armour.
  5320 | D:7      | Killed a cyclops
  5321 | D:7      | Reached skill level 11 in Unarmed Combat
  5398 | D:7      | Noticed a moth of wrath
  5402 | D:7      | Noticed qw's ghost (novice TeWr)
  5403 | D:7      | Found a bloodstained altar of Trog.
  5411 | D:7      | 5411 ||| Stepping ~*~*~tactically~*~*~ (stealth).
  5413 | D:7      | 5413 ||| Stepping ~*~*~tactically~*~*~ (hiding).
  5518 | D:7      | Found a transporter.
  5540 | D:7      | Found a transporter.
  5863 | D:7      | 5863 ||| READING scroll labelled ZUHUWK TOQOY.
  5902 | D:7      | 5902 ||| READING 2 scrolls of identify.
  5902 | D:7      | 5902 ||| IDENTIFYING dark potion
  5903 | D:7      | 5903 ||| DROPPING potion of attraction.
  5935 | D:8      | 5935 ||| STAIRDANCE
  5941 | D:8      | 5941 ||| STAIRDANCE
  5943 | D:7      | 5943 ||| Stepping ~*~*~tactically~*~*~ (outnumbered).
  5944 | D:7      | 5944 ||| Stepping ~*~*~tactically~*~*~ (outnumbered).
  5945 | D:7      | 5945 ||| Stepping ~*~*~tactically~*~*~ (outnumbered).
  5948 | D:7      | 5948 ||| INVOKING Fiery Armour.
  5953 | D:7      | Reached skill level 3 in Throwing
  6003 | D:8      | 6003 ||| Stepping ~*~*~tactically~*~*~ (outnumbered).
  6012 | D:8      | 6012 ||| Stepping ~*~*~tactically~*~*~ (outnumbered).
  6014 | D:8      | 6014 ||| Stepping ~*~*~tactically~*~*~ (outnumbered).
  6016 | D:8      | 6016 ||| Stepping ~*~*~tactically~*~*~ (outnumbered).
  6017 | D:8      | 6017 ||| Stepping ~*~*~tactically~*~*~ (outnumbered).
  6018 | D:8      | 6018 ||| Stepping ~*~*~tactically~*~*~ (outnumbered).
  6095 | D:8      | Found Ciris's Jewellery Shoppe.
  6103 | D:8      | 6103 ||| BUYING +6 ring of dexterity (432 gold).
  6103 | D:8      | Bought a +6 ring of dexterity for 432 gold pieces
  6103 | D:8      | 6103 ||| BUYING amulet of guardian spirit (360 gold).
  6103 | D:8      | Bought an amulet of guardian spirit for 360 gold pieces
  6103 | D:8      | 6103 ||| SHOPLISTING amulet of reflection (360 gold, have
                  | 265).
  6103 | D:8      | 6103 ||| SHOPLISTING ring of fire (300 gold, have 265).
  6103 | D:8      | 6103 ||| BUYING ring of poison resistance (240 gold).
  6103 | D:8      | Bought a ring of poison resistance for 240 gold pieces
  6103 | D:8      | 6103 ||| SHOPLISTING ring of see invisible (180 gold, have
                  | 25).
  6268 | D:8      | Paralysed by a hornet for 2 turns
  6271 | D:8      | 6271 ||| INVOKING Fiery Armour.
  6271 | D:8      | HP: 18/84 [hornet (10)]
  6272 | D:8      | 6272 ||| READING 2 scrolls of teleportation.
  6273 | D:8      | 6273 ||| DRINKING 2 potions of heal wounds.
  6326 | D:8      | Reached skill level 12 in Unarmed Combat
  6386 | D:8      | 6386 ||| Stepping ~*~*~tactically~*~*~ (stealth).
  6390 | D:8      | 6390 ||| Stepping ~*~*~tactically~*~*~ (stealth).
  6399 | D:8      | 6399 ||| Stepping ~*~*~tactically~*~*~ (outnumbered).
  6400 | D:8      | 6400 ||| Stepping ~*~*~tactically~*~*~ (outnumbered).
  6403 | D:8      | 6403 ||| READING scroll of teleportation.
  6403 | D:8      | HP: 5/88 [titanic slime creature (83)]
  6404 | D:8      | 6404 ||| DRINKING potion of heal wounds.
  6405 | D:8      | 6405 ||| INVOKING Fiery Armour.
  6405 | D:8      | Demolished by a titanic slime creature

Levels and vault maps discovered:
D:1:      minmay_arrival_stair_chambers, layout_loops_corners,
          ebering_ecumenical_altar_petrified, minmay_misc_feat_four_crosses
D:2:      layout_basic
D:3:      layout_basic, minitemple
D:4:      layout_loops_ring, minmay_temple_entry_glass
D:5:      layout_basic, mainiacjoe_overflow_boulevard, minmay_crossroads,
          uniq_menkaure, uniq_grinder
D:6:      layout_basic, minmay_chambers_of_fives
D:7:      layout_layer_cave, gammafunk_ghost_wrathful_warriors, enter_bailey_2,
          minmay_door_square
D:8:      layout_rooms, serial_shops, nicolae_shop_advertising_works
          [nicolae_subvault_shop_adworks]

Skill      XL: |  1  2  3  4  5  6  7  8  9 |
---------------+----------------------------+-----
Unarmed Combat | 4 5 7 8 9 10 12 | 12.0
Fighting       | 3 4 5 |  5.0
Throwing       | 1 2 4 |  4.2
Dodging        | 2 |  2.6
Spellcasting   | |  1.0
Fire Magic     | |  2.1

Action                   |  1- 3 |  4- 6 |  7- 9 || total
-------------------------+-------+-------+-------++-------
Melee: Unarmed           |    87 |   120 |   188 ||   395
       Punch             |     1 |     2 |     8 ||    11
Throw: Boomerang         |       |     5 |    22 ||    27
       Javelin           |       |       |    10 ||    10
       Large rock        |       |       |    12 ||    12
Invok: Fiery Armour      |       |     1 |     7 ||     8
  Use: Scroll            |     6 |       |     7 ||    13
       Potion            |     1 |     2 |     6 ||     9
Armor: Robe              |    31 |    44 |    80 ||   155
Dodge: Dodged            |    45 |    25 |    76 ||   146

Table legend:
 A = Non-vault XP
 B = Vault XP
 C = Vault XP percentage of total XP
 D = Non-vault monster count
 E = Vault monster count
 F = Vault count percentage of total count
                 A         B        C        D         E       F
            +---------+---------+-------+---------+---------+-------
      Total |    4287 |     777 |  15.3 |     142 |       9 |   6.0
            +---------+---------+-------+---------+---------+-------
        D:1 |      38 |       0 |   0.0 |      23 |       0 |   0.0
        D:2 |      39 |       0 |   0.0 |      11 |       0 |   0.0
        D:3 |     145 |       0 |   0.0 |      30 |       0 |   0.0
        D:4 |     353 |       0 |   0.0 |      11 |       0 |   0.0
        D:5 |     539 |     582 |  51.9 |      16 |       4 |  20.0
        D:6 |     716 |     195 |  21.4 |      18 |       5 |  21.7
        D:7 |    1291 |       0 |   0.0 |      20 |       0 |   0.0
        D:8 |    1166 |       0 |   0.0 |      13 |       0 |   0.0
            +---------+---------+-------+---------+---------+-------
